 Dungeon Crawl Stone Soup version 0.31.0-9-g3a7656b989 (webtiles) character file.

Game seed: 9198485474926489969

3136 ces the Skirmisher (level 9, -1/47 HPs)
             Began as a Spriggan Hunter on Jan 24, 2024.
             Was an Initiate of Gozag.
             Killed from afar by an ice dragon (48 damage)
             ... with a blast of cold
             ... on level 10 of the Dungeon.
             The game lasted 00:35:32 (8600 turns).

ces the Skirmisher (Spriggan Hunter)                Turns: 8600, Time: 00:35:33

Health: -1/47      AC:  7    Str:  7    XL:     9   Next: 61%
Magic:  10/10      EV: 26    Int: 10    God:    Gozag
Gold:   731        SH:  0    Dex: 23    Spells: 8/8 levels left

rFire   . . .        a - +0 arbalest
rCold   . . .        (shield currently unavailable)
rNeg    . . .        c - +1 robe
rPois   +            (helmet restricted)
rElec   .            (no cloak)
rCorr   .            (gloves unavailable)
SInv    +            (boots unavailable)
Will    +....        s - amulet of regeneration
Stlth   ++           m - +4 ring of protection
HPRegen 1.07/turn    h - ring of poison resistance
MPRegen 0.12/turn

%: no passive effects
@: very quick
A: very small, no large weapons, unfitting armour, see invisible, speed 3,
screaming 1, subdued magic 1
a: Renounce Religion, Potion Petition, Call Merchant, Bribe Branch


You were on level 10 of the Dungeon.
You worshipped Gozag.
Gozag was pleased with you.
You visited 2 branches of the dungeon, and saw 11 of its levels.

You collected 908 gold pieces.
You paid 177 gold pieces to Gozag.

Inventory:

Hand Weapons
 a - a +0 arbalest (weapon)
 b - a +1 dagger of speed
 e - a +0 orcbow
Armour
 c - a +1 robe (worn)
Jewellery
 f - an amulet of magic regeneration
 h - a ring of poison resistance (right hand)
 m - a +4 ring of protection (left hand)
 q - a +6 ring of strength
 r - a ring of fire
 s - an amulet of regeneration (around neck)
 u - the ring "Rutup" {EV+5 Str+3 Int+3 Dex-4}
   (You found it on level 8 of the Dungeon)

   [ring of evasion]

   EV+5:      It affects your evasion (+5).
   Str+3:     It affects your strength (+3).
   Int+3:     It affects your intelligence (+3).
   Dex-4:     It affects your dexterity (-4).
Wands
 l - a wand of charming (21)
 t - a wand of flame (24)
Scrolls
 i - a scroll of butterflies
 p - a scroll of amnesia
 v - a scroll of enchant armour
 w - a scroll of revelation
 x - 2 scrolls of identify
Potions
 d - 3 potions of lignification
 g - 5 potions of curing
 j - a potion of enlightenment
 k - a potion of attraction
 n - a potion of might
 z - a potion of heal wounds


   Skills:
 + Level 5.5 Fighting
 + Level 10.6 Ranged Weapons
 + Level 9.4 Dodging
 - Level 1.5 Stealth


You had 8 spell levels left.
You didn't know any spells.
Your spell library contained the following spells:

 Spells                   Type           Power      Damage    Failure   Level
 Magic Dart               Conj           0%         1d3       32%         1
 Ensorcelled Hibernation  Hex/Ice        0%         N/A       45%         2
 Lesser Beckoning         Tloc           0%         N/A       45%         2
 Scorch                   Fire           0%         2d5       45%         2
 Searing Ray              Conj           0%         2d4       45%         2
 Gell's Gravitas          Tloc           0%         N/A       71%         3
 Ozocubu's Armour         Ice            0%         N/A       71%         3
 Passwall                 Erth           0%         N/A       71%         3
 Swiftness                Air            0%         N/A       71%         3
 Teleport Other           Tloc           0%         N/A       71%         3
 Flame Wave               Conj/Fire      0%         2d4       98%         4
 Fulminant Prism          Conj/Alch      0%         3d5       98%         4
 Manifold Assault         Tloc           0%         N/A       98%         4
 Summon Blazeheart Golem  Fire/Summ      0%         N/A       98%         4
 Metabolic Englaciation   Hex/Ice        0%         N/A       100%        5
 Dispersal                Tloc           0%         N/A       100%        6
 Sculpt Simulacrum        Ice/Alch       0%         N/A       100%        6
 Summon Cactus Giant      Summ           0%         N/A       100%        6
 Orb of Destruction       Conj           0%         9d5       100%        7
 Spellforged Servitor     Conj/Summ      0%         N/A       100%        7
 Disjunction              Tloc           0%         N/A       100%        8


Dungeon Overview and Level Annotations

Branches:
Dungeon (10/15)            Temple (1/1) D:6            Lair (0/5) D:10
    Orc: D:9-12

Altars:
Cheibriados
Dithmenos
Fedhas
Gozag
Hepliaklqana
Kikubaaqudgha
Makhleb
Nemelex Xobeh
Sif Muna
Uskayaw
Vehumet
Yredelemnul
Zin
The Shining One

Shops:
D:5 :[(   D:8 (

Annotations:
D:3 Grinder
D:8 Psyche


Innate Abilities, Weirdness & Mutations

You are very small and have problems with some larger weapons.
You are too small for most types of armour.
You have supernaturally acute eyesight. (SInv)
You cover ground extremely quickly. (Speed+++)
You occasionally shout uncontrollably at your foes.
Your spells are a little easier to cast, but a little less powerful.


Message History

The arrow hits the centaur warrior simulacrum!!
The centaur warrior simulacrum vaporises!
You now have 715 gold pieces (gained 7).
You now have 721 gold pieces (gained 6).
Things that are here:
a +0 arbalest; a +0 glaive; a +0 chain mail
e - a +0 arbalest
e - a +0 arbalest (weapon)
You drop a +2 shortbow.
Unknown command.
Adjust (i)tems, (s)pells, or (a)bilities?
a - a +1 dagger of speed Adjust to which letter? (? for menu, Esc to quit)
e - a +1 dagger of speed;
a - a +0 arbalest (weapon)
Adjust (i)tems, (s)pells, or (a)bilities?
e - a +1 dagger of speed Adjust to which letter? (? for menu, Esc to quit)
b - a +1 dagger of speed;
e - a +0 orcbow Unknown command.
You now have 725 gold pieces (gained 4).
You see here a +0 whip.
You now have 731 gold pieces (gained 6).
Things that are here:
a +0 club; a +0 chain mail You shoot a bolt.
The yak bellows! x2
The bolt hits the yak but does no damage.
You hear a bellow!
You shoot a bolt. The bolt closely misses the yak.
A yak comes into view.
You shoot a bolt. The bolt barely misses the yak.
An orc priest comes into view. It is wielding a staff of cold.
An ice dragon comes into view.
You yell at the ice dragon!
The ice dragon roars deafeningly!
The ice dragon breathes frost at you. The blast of cold hits you!!!
Ouch! That really hurt!
You die...
Your body crumbles into a pile of gold.

#.###################..# #.#
#..#
#.###################..########
#..............................
#...........o..........).......
#..############...............#
#..############.........).....#
#..............................
#.........D...@................
#.............#################
#..#########..# #
#.............#################
#..............................
#.#########...###########.#####
#.# #...# #.#####
#.#########...###########.).<..
#..........)...................


You could see an ice dragon (catching breath).

Vanquished Creatures
  3 centaur simulacra (D:10)
  A yak (D:10)
  Duvessa (D:7)
  2 water moccasins (D:7)
  3 orc warriors
  2 sky beasts
  A centaur (D:7)
  An ogre (D:5)
  A gnoll sergeant (D:8)
  A bullfrog (D:7)
  2 scorpions
  3 wights (D:7)
  Dowan (D:7)
  4 killer bees
  3 howler monkeys
  2 hounds (D:4)
  A bombardier beetle (D:3)
  A jelly (D:7)
  4 orc priests
  5 iguanas
  Jessica (D:2)
  Natasha (D:2)
  8 orc wizards
  2 gnolls (D:8)
  8 adders
  A white imp (D:5)
  4 ufetubi
  3 ribbon worms
  24 orcs
  4 ball pythons
  6 bats
  5 endoplasms
  6 giant cockroaches
  3 goblins
  6 hobgoblins
  5 quokkas
  4 frilled lizards
  A jackal zombie (D:6)
  4 kobolds
  6 rats
144 creatures vanquished.

Vanquished Creatures (collateral kills)
  2 killer bees
  A white imp (D:7)
  A bat (D:3)
  A hobgoblin (D:3)
  A goblin (D:3)
6 creatures vanquished.

Vanquished Creatures (others)
  A killer bee (D:8)
  A sleepcap (D:6)
2 creatures vanquished.

Grand Total: 152 creatures vanquished

Notes
Turn   | Place    | Note
-------+----------+-------------------------------------------
     0 | D:1      | ces the Spriggan Hunter began the quest for the Orb.
     0 | D:1      | Reached XP level 1. HP: 10/10 MP: 2/2
   105 | D:1      | Reached XP level 2. HP: 14/14 MP: 3/3
   204 | D:1      | Found a faded altar of an unknown god.
   711 | D:2      | Noticed Jessica
   714 | D:2      | Killed Jessica
   715 | D:2      | Reached skill level 5 in Ranged Weapons
   715 | D:2      | Reached XP level 3. HP: 18/18 MP: 4/4
   826 | D:2      | Reached XP level 4. HP: 22/22 MP: 5/5
  1067 | D:2      | Noticed Natasha
  1401 | D:3      | Reached skill level 6 in Ranged Weapons
  1431 | D:3      | Noticed Grinder
  1434 | D:3      | Paralysed by Grinder for 2 turns
  1894 | D:3      | Reached XP level 5. HP: 25/25 MP: 6/6
  2164 | D:4      | Found a snail-covered altar of Cheibriados.
  2412 | D:4      | Gained mutation: You occasionally shout uncontrollably at
                  | your foes. [potion of mutation]
  2412 | D:4      | Gained mutation: Your spells are a little easier to cast,
                  | but a little less powerful. [potion of mutation]
  2476 | D:4      | Noticed a wyvern
  2577 | D:2      | Killed Natasha
  2771 | D:3      | Reached skill level 7 in Ranged Weapons
  2950 | D:3      | Found a hazy altar of Hepliaklqana.
  3128 | D:4      | Reached XP level 6. HP: 30/30 MP: 7/7
  3509 | D:5      | Entered Level 5 of the Dungeon
  3536 | D:5      | Found Lecuog's Book Shop.
  3566 | D:4      | Reached skill level 8 in Ranged Weapons
  3977 | D:5      | Reached XP level 7. HP: 33/33 MP: 8/8
  4515 | D:5      | Found a blossoming altar of Fedhas.
  4532 | D:5      | Found Rexiovvidd's Weapon Shop.
  5130 | D:5      | Found Dyity's Armour Shoppe.
  5210 | D:6      | Reached skill level 5 in Dodging
  5362 | D:6      | Noticed a human
  5363 | D:6      | Found a runed translucent door.
  5399 | D:6      | Found a staircase to the Ecumenical Temple.
  5534 | D:6      | Found a basalt altar of Yredelemnul.
  5793 | D:6      | Found a shimmering blue altar of Sif Muna.
  6052 | Temple   | Entered the Ecumenical Temple
  6061 | Temple   | Became a worshipper of Gozag Ym Sagoz the Greedy
  6126 | D:7      | Reached XP level 8. HP: 39/39 MP: 9/9
  6137 | D:7      | Reached skill level 9 in Ranged Weapons
  6490 | D:7      | Noticed Dowan
  6492 | D:7      | Noticed Duvessa
  6514 | D:7      | Killed Duvessa
  6643 | D:7      | Killed Dowan
  7432 | D:8      | Found a burning altar of Makhleb.
  7575 | D:8      | Noticed Psyche
  7596 | D:8      | Identified the ring "Rutup" {EV+5 Str+3 Int+3 Dex-4}
  7685 | D:8      | Reached XP level 9. HP: 46/46 MP: 10/10
  7851 | D:8      | Found Xixkos's Weapon Shoppe.
  7937 | D:8      | Reached skill level 10 in Ranged Weapons
  8016 | D:10     | Entered Level 10 of the Dungeon
  8049 | D:10     | Found a staircase to the Lair.
  8087 | D:10     | Noticed a rime drake
  8260 | D:10     | Reached skill level 5 in Fighting
  8598 | D:10     | Noticed an ice dragon
  8600 | D:10     | Killed from afar by an ice dragon

Illustrated notes

Levels and vault maps discovered:
D:1:      lemuel_arrival_behind_the_door_small, layout_loops_ring,
          ebering_ecumenical_altar_abandoned
D:2:      layout_basic, grunt_decor_mini_mirrors, uniq_jessica, uniq_natasha
D:3:      layout_basic, pf_just_have_faith, uniq_grinder
D:4:      layout_loops_ring, cheibrodos_worm_habitat, minmay_hedge_maze,
          minmay_gold_behind_fungi, minmay_surrounded
D:5:      gammafunk_cloud_chamber, layout_rooms, lemuel_doored_altar,
          serial_shops, shop, shop_statue, shop, nicolae_shop_i_like_big_books
D:6:      layout_basic, lemuel_coloured_pillars_altar, dk_yredelemnul_ordeal,
          temple_pool_b
D:7:      layout_cave_pods, uniq_duvessa
D:8:      layout_loops_ring, mainiacjoe_overflow_catwalk, serial_shops,
          nicolae_shop_hallway_plus, uniq_psyche, uniq_pikel
D:9:      layout_rooms, grunt_temple_overflow_open, hiddenorc1_lemuel,
          serial_shops, shop, enter_bailey_3, kennysheep_small_circle
D:10:     minmay_coctagon, layout_long_grid, mainiacjoe_overflow_chevrons,
          erik_lair_orcish_takeover
Temple:   nicolae_temple_ecumenical_triangle

Skill      XL: |  1  2  3  4  5  6  7  8  9 |
---------------+----------------------------+-----
Ranged Weapons | 5 6 7 8 9 10 | 10.6
Dodging        | 3 5 7 9 |  9.4
Fighting       | 2 4 5 |  5.5
Stealth        | |  1.5

Action                     |  1- 3 |  4- 6 |  7- 9 || total
---------------------------+-------+-------+-------++-------
  Melee: Dagger            |       |       |     5 ||     5
   Fire: Shortbow          |    66 |   197 |    82 ||   345
         Orcbow            |       |       |   255 ||   255
         Arbalest          |       |       |     3 ||     3
  Evoke: Wand              |       |       |    32 ||    32
    Use: Scroll            |       |    11 |    11 ||    22
         Potion            |       |     3 |     3 ||     6
 Armour: Robe              |     1 |    12 |    63 ||    76
  Dodge: Dodged            |    10 |    17 |   190 ||   217
